AoeStats
← lopezdpr

Arabia

504633967Analyzed
2v2 RM · 28d ago on Sep 6, 2026· 58m 57s· 4 players
Game mode
Random Map
Map size
Medium (4 player)
Population
200
Speed
Normal
Resources
Standard
Victory
Conquest
Starting age
Dark Age
Ending age
Imperial Age
RankedLock teamsTeams togetherTeam positionsShared explorationLock speedFull tech treeHidden civsTurbo modeCheats
Victory
Defeat
🇺🇸 Armenians · United States
814
+15
🇨🇱 Maya · Chile
794
+16
🇺🇸 Teutons · United States
822
-17
🇺🇸 Britons · United States
753
-14
The Herminator
1:31 Loom
11:35 Feudal Age
12:12 Double-Bit Axe
12:09 Horse Collar
13:07 Wheelbarrow
18:47 Castle Age
18:44 Fletching
19:00 Padded Archer Armor
20:12 Bodkin Arrow
21:19 Bow Saw
24:26 Town Watch
25:48 Man-at-Arms
30:15 Hand Cart
34:05 Stone Mining
42:30 Caravan
47:46 Imperial Age
46:00 Ballistics
46:35 Town Patrol
47:35 Leather Archer Armor
48:25 Yeomen
49:03 Conscription
49:55 Chemistry
49:02 Bracer
51:39 Elite Longbowman
53:21 Murder Holes
53:38 Masonry
53:35 Siege Engineers
54:44 Ring Archer Armor
55:16 Onager
lopezdpr
0:26 Loom
10:28 Feudal Age
10:56 Double-Bit Axe
12:21 Man-at-Arms
19:58 Castle Age
21:00 Bow Saw
21:52 Town Watch
23:19 Scale Mail Armor
23:08 Gambesons
23:09 Arson
25:34 Long Swordsman
28:04 Crossbowman
29:59 Fletching
30:10 Padded Archer Armor
30:22 Padded Archer Armor
31:44 Bodkin Arrow
34:39 Gold Mining
36:14 Ballistics
42:11 Wheelbarrow
41:43 Scale Barding Armor
48:29 Hand Cart
48:15 Town Patrol
52:13 Elite Skirmisher
57:06 Bloodlines
Covert_Coati
7:41 Loom
11:01 Feudal Age
13:15 Man-at-Arms
16:41 Horse Collar
16:50 Double-Bit Axe
17:16 Long Swordsman
24:38 Castle Age
22:52 Forging
22:42 Scale Mail Armor
26:48 Two-Handed Swordsman
27:54 Gambesons
29:27 Arson
29:43 Squires
34:04 Fletching
34:50 Iron Casting
34:23 Gold Mining
39:17 Imperial Age
37:29 Padded Archer Armor
40:47 Champion
47:57 Leather Archer Armor
47:39 Bodkin Arrow
48:00 Chain Mail Armor
48:25 Bow Saw
48:38 Elite Skirmisher
51:17 Bracer
51:48 Ring Archer Armor
54:24 Ballistics
55:05 Chemistry
Gusso
2:03 Loom
11:10 Feudal Age
14:39 Fletching
16:06 Forging
21:45 Castle Age
21:13 Scale Mail Armor
28:27 Bodkin Arrow
31:15 Horse Collar
32:41 Gold Mining
33:42 Iron Casting
33:45 Wheelbarrow
34:55 Hand Cart
35:46 Heavy Plow
39:19 Imperial Age
39:21 Hul'che Javelineers
40:39 Double-Bit Axe
41:30 Crop Rotation
41:15 Bracer
41:23 Thumb Ring
40:41 Eagle Warrior
42:27 Elite Skirmisher
43:13 Elite Plumed Archer
46:08 Chemistry
45:28 Ballistics
48:58 Conscription
50:04 Holcans
49:02 Elite Eagle Warrior
50:19 Arson
50:37 Squires
Connection lost

Rejoining the realm…

Still unreachable

The connection could not be restored.

Session expired

The server has moved on; the page needs a fresh start.